 Dungeon Crawl Stone Soup version 0.31-a0-868-g674d60d6f7 (webtiles) character file.

Game seed: 15456746146496406976

1141 croobank the Ruffian (level 8, 0/90 HPs)
             Began as a Gnoll Shapeshifter on Oct 11, 2023.
             Was an Elder of Fedhas.
             Slain by a gnoll
             ... wielding a +0 spear
             ... led by a gnoll sergeant
              (6 damage)
             ... on level 7 of the Dungeon.
             The game lasted 00:13:54 (6178 turns).

croobank the Ruffian (Gnoll Shapeshifter)           Turns: 6178, Time: 00:13:55

Health: 0/90       AC:  9    Str: 14    XL:     8   Next: 37%
Magic:  12/12      EV: 13    Int: 12    God:    Fedhas [****..]
Gold:   561        SH:  0    Dex: 17    Spells: 8/13 levels left

rFire   . . .        t - melded +1 dagger of croobank's Woe {drain, rN+ Will- Stlth+}
rCold   . . .        (shield currently unavailable)
rNeg    . . .        g - +1 ring mail
rPois   .            (no helmet)
rElec   .            l - +0 cloak
rCorr   .            (no gloves)
SInv    .            u - +0 pair of boots
Will    +....        v - amulet of magic regeneration Stlth
                     e - +6 ring of dexterity
HPRegen 0.35/turn    o - ring of the Will of the Gods {Wiz Will+}
MPRegen 0.53/turn

%: wizardry (x1)
@: berserking, flux-form, glowing, very quick
A: glow, contaminating, fangs 1, strong nose, distributed training
a: Begin Untransformation, Renounce Religion, Wall of Briars, Grow
Ballistomycete, Overgrow


You were on level 7 of the Dungeon.
You worshipped Fedhas.
Fedhas was greatly pleased with you.
You were something dangerously unstable.
You visited 1 branch of the dungeon, and saw 7 of its levels.

You collected 561 gold pieces.

Inventory:

Hand Weapons
 h - a +0 dagger of freezing
 p - a +1 dagger of venom
 t - the +1 dagger of croobank's Woe (melded) {drain, rN+ Will- Stlth+}
   (You found it on level 5 of the Dungeon)

   rN+:       It protects you from negative energy.
   Will-:     It decreases your willpower.
   Stlth+:    It makes you more stealthy.
 w - a +0 spear of venom
 z - a +0 orcbow
Missiles
 j - 6 poisoned darts
Armour
 g - a +1 ring mail (worn)
 l - a +0 cloak (worn)
 m - a +0 tower shield
 u - a +0 pair of boots (worn)
Jewellery
 e - a +6 ring of dexterity (left hand)
 o - the ring of the Will of the Gods (right hand) {Wiz Will+}
   (You found it on level 3 of the Dungeon)

   [ring of wizardry]

   Wiz:       It improves your spell success rate.
   Will+:     It increases your willpower.
 v - an amulet of magic regeneration (around neck)
Talismans
 c - a beast talisman
 d - a flux talisman (active)
Wands
 a - a wand of paralysis (8)
 n - a wand of acid (7)
 x - a wand of iceblast (5)
Scrolls
 f - 2 scrolls of revelation
 r - a scroll of amnesia
 s - a scroll of fog
Potions
 b - 4 potions of lignification
 k - a potion of enlightenment
 q - a potion of brilliance


   Skills:
 + Level 4.2 Fighting
 + Level 3.2 Short Blades
 + Level 3.2 Long Blades
 + Level 3.2 Axes
 + Level 3.2 Maces & Flails
 + Level 3.2 Polearms
 + Level 3.2 Staves
 + Level 3.2 Ranged Weapons
 + Level 3.2 Throwing
 + Level 3.2 Armour
 + Level 5.7 Dodging
 + Level 3.2 Stealth
 + Level 3.2 Shields
 + Level 7.4 Unarmed Combat
 + Level 3.2 Spellcasting
 + Level 2.6 Conjurations
 + Level 2.6 Hexes
 + Level 2.6 Summonings
 + Level 2.6 Necromancy
 + Level 2.6 Translocations
 + Level 2.6 Transmutations
 + Level 2.6 Fire Magic
 + Level 2.6 Ice Magic
 + Level 2.6 Air Magic
 + Level 2.6 Earth Magic
 + Level 2.6 Poison Magic
 + Level 3.6 Invocations
 + Level 3.2 Evocations
 + Level 7.2 Shapeshifting


You had 8 spell levels left.
You knew the following spells:

 Your Spells              Type           Power      Damage    Failure   Level
a - Magic Dart            Conj           32%        1d4       6%          1
b - Blink                 Tloc           16%        N/A       10%         2
c - Call Imp              Summ           16%        N/A       10%         2

Your spell library contained the following spells:

 Spells                   Type           Power      Damage    Failure   Level
 Summon Small Mammal      Summ           32%        N/A       6%          1
 Cigotuvi's Dreadful Rot  Necr/Pois/Air  16%        N/A       10%         2
 Lesser Beckoning         Tloc           16%        N/A       10%         2
 Momentum Strike          Conj/Tloc      16%        3d8       10%         2
 Call Canine Familiar     Summ           8%         N/A       19%         3
 Mephitic Cloud           Conj/Pois/Air  8%         N/A       19%         3
 Summon Guardian Golem    Hex/Summ       8%         N/A       19%         3
 Dispel Undead            Necr           8%         3d8       52%         4
 Death Channel            Necr           4%         N/A       100%        6


Dungeon Overview and Level Annotations

Branches:
Dungeon (7/15)             Temple (0/1) D:5

Altars:
Fedhas

Annotations:
D:7 Dowan, Duvessa, Jeremiah


Innate Abilities, Weirdness & Mutations

You are something dangerously unstable.
You glow with magical radiation, making you easy to see and hit.
Foes you strike become dangerously contaminated with magical radiation.
You are incapable of wielding weapons or throwing items.
You have very sharp teeth.
Your uncanny sense of smell can sniff out nearby items.
Your experience applies equally to all skills.


Message History

The gnoll hits you with a +0 flail.
* * * LOW HITPOINT WARNING * * *
Jeremiah looks at their weapon with confusion.
As you read the scroll of fog, it dissolves into smoke.
The gnoll hits you from afar with a +0 spear.
* * * LOW HITPOINT WARNING * * *
The gnoll misses you.
You closely miss the gnoll.
The gnoll hits you from afar with a +0 spear.
* * * LOW HITPOINT WARNING * * *
The gnoll hits you with a +0 flail!
* * * LOW HITPOINT WARNING * * *
The gnoll hits you but does no damage.
There are monsters nearby!
You hit the gnoll.
The gnoll begins to glow.
You bite the gnoll, but do no damage.
The gnoll is lightly wounded.
The gnoll barely misses you.
You hit the gnoll.
The gnoll glows dangerously bright.
The gnoll is heavily wounded.
The gnoll hits you from afar with a +0 spear!
* * * LOW HITPOINT WARNING * * *
The gnoll hits you but does no damage.
You feel better.
The gnoll hits you from afar with a +0 spear.
* * * LOW HITPOINT WARNING * * *
The gnoll closely misses you.
It was a potion of berserk rage.
A red film seems to cover your vision as you go berserk!
You feel yourself moving faster!
You feel mighty!
The gnoll hits you from afar with a +0 spear.
* * * LOW HITPOINT WARNING * * *
The gnoll closely misses you.
You hit the gnoll.
The gnoll shudders as magic cascades through it!!
You kill the gnoll!
Fedhas appreciates your contribution to the ecosystem.
The gnoll hits you from afar with a +0 spear.
You die...
Fedhas appreciates your contribution to the ecosystem.

#.. ... ##########..
... ##.....#.....#
..# ##.............#
#..
#.....F....F..g.##..
#...§§b....gg.......
#...§.b.............
#§§§§g§§............
#§§p§§§§§§..........
##§§§§§g§§..........
##§§§§§#.....#.....
###########.......
###...... .......<.
∆ ......... ∆
...>..... .#.......


You could see Jeremiah and a gnoll.

Vanquished Creatures
  An ogre (D:4)
  A bullfrog (D:7)
  4 scorpions
  A gnoll sergeant (D:7)
  3 hounds
  2 jellies
  2 orc priests (D:7)
  Natasha (thrice) (D:4)
  A gnoll bouda (D:6)
  4 iguanas
  3 orc wizards (D:5)
  4 gnolls
  5 adders
  A shadow imp (D:6)
  A white imp (D:6)
  An ufetubus (D:6)
  A worm (D:4)
  15 orcs
  13 endoplasms
  10 goblins
  12 hobgoblins
  9 jackals
  3 quokkas
  10 ball pythons
  4 bats
  4 frilled lizards (D:2)
  3 kobolds
  7 rats
128 creatures vanquished.

Vanquished Creatures (collateral kills)
  A gnoll (D:6)
  An orc (D:6)
2 creatures vanquished.

Vanquished Creatures (others)
  A centaur (D:6)
  A sleepcap (D:6)
2 creatures vanquished.

Grand Total: 132 creatures vanquished

Notes
Turn   | Place    | Note
-------+----------+-------------------------------------------
     0 | D:1      | croobank the Gnoll Shapeshifter began the quest for the
                  | Orb.
     0 | D:1      | Reached XP level 1. HP: 17/17 MP: 1/1
    58 | D:1      | Reached XP level 2. HP: 23/23 MP: 2/2
    63 | D:1      | Found a faded altar of an unknown god.
    71 | D:1      | Prayed at the altar of an unknown god.
    71 | D:1      | Became a worshipper of Fedhas Madash
    71 | D:1      | Reached * piety under Fedhas
   601 | D:2      | Reached XP level 3. HP: 28/28 MP: 3/3
   621 | D:2      | Learned a level 1 spell: Magic Dart
   682 | D:2      | Reached ** piety under Fedhas
   740 | D:2      | Reached skill level 1 in Invocations
  1140 | D:2      | Reached skill level 1 in Short Blades
  1140 | D:2      | Reached skill level 1 in Long Blades
  1140 | D:2      | Reached skill level 1 in Axes
  1140 | D:2      | Reached skill level 1 in Maces & Flails
  1140 | D:2      | Reached skill level 1 in Polearms
  1140 | D:2      | Reached skill level 1 in Staves
  1140 | D:2      | Reached skill level 1 in Ranged Weapons
  1140 | D:2      | Reached skill level 1 in Throwing
  1140 | D:2      | Reached skill level 1 in Armour
  1140 | D:2      | Reached skill level 1 in Stealth
  1140 | D:2      | Reached skill level 1 in Shields
  1140 | D:2      | Reached skill level 1 in Spellcasting
  1140 | D:2      | Reached skill level 1 in Evocations
  1539 | D:3      | Identified the ring of the Will of the Gods {Wiz Will+}
  1557 | D:3      | Reached XP level 4. HP: 31/34 MP: 5/5
  1707 | D:3      | Learned a level 2 spell: Blink
  1710 | D:3      | Learned a level 2 spell: Call Imp
  2169 | D:3      | You fall into a shaft and drop 1 floor!
  2222 | D:4      | Reached skill level 1 in Conjurations
  2222 | D:4      | Reached skill level 1 in Hexes
  2222 | D:4      | Reached skill level 1 in Summonings
  2222 | D:4      | Reached skill level 1 in Necromancy
  2222 | D:4      | Reached skill level 1 in Translocations
  2222 | D:4      | Reached skill level 1 in Transmutations
  2222 | D:4      | Reached skill level 1 in Fire Magic
  2222 | D:4      | Reached skill level 1 in Ice Magic
  2222 | D:4      | Reached skill level 1 in Air Magic
  2222 | D:4      | Reached skill level 1 in Earth Magic
  2222 | D:4      | Reached skill level 1 in Poison Magic
  2367 | D:4      | Reached XP level 5. HP: 40/40 MP: 5/7
  2452 | D:4      | Noticed an ogre
  2459 | D:4      | Killed an ogre
  2463 | D:4      | Noticed Natasha
  2469 | D:4      | Killed Natasha
  2470 | D:4      | Reached XP level 6. HP: 31/47 MP: 8/8
  2686 | D:4      | Reached *** piety under Fedhas
  3215 | D:4      | Reached skill level 5 in Dodging
  3281 | D:4      | Noticed Natasha
  3289 | D:4      | Killed Natasha
  3685 | D:4      | Noticed Natasha
  3692 | D:4      | Killed Natasha
  3719 | D:5      | Entered Level 5 of the Dungeon
  3865 | D:5      | Reached XP level 7. HP: 52/52 MP: 10/10
  4565 | D:5      | Found a staircase to the Ecumenical Temple.
  4575 | D:5      | Identified the +1 dagger of croobank's Woe {drain, rN+
                  | Will- Stlth+}
  5520 | D:6      | Reached XP level 8. HP: 39/60 MP: 12/12
  5643 | D:6      | Reached **** piety under Fedhas
  6000 | D:7      | Noticed Duvessa
  6001 | D:7      | Noticed Dowan
  6169 | D:7      | Noticed Jeremiah
  6175 | D:7      | HP: 2/60 [gnoll/+0 spear[a gnoll sergeant] (7)]
  6178 | D:7      | Slain by a gnoll

Illustrated notes

Levels and vault maps discovered:
D:1:      dpeg_arrival_fog, layout_rooms,
          hellmonk_ecumenical_altar_leap_of_faith, amethyst_killhole,
          kennysheep_flooded_box
D:2:      layout_loops_ring, minmay_mini_jars
D:3:      layout_loops_corners, kennysheep_donut, minmay_misc_feat_rugged
D:4:      layout_basic, kennysheep_diamond, uniq_natasha
D:5:      layout_loops_cross, minmay_temple_entry_offerings
D:6:      layout_gridville, minmay_misc_feat_five
D:7:      layout_rooms, serial_shops, shop, kennysheep_generic_room_8,
          uniq_joseph, uniq_duvessa, uniq_crazy_yiuf_cottage, uniq_jeremiah

Skill      XL: |  1  2  3  4  5  6  7  8 |
---------------+-------------------------+-----
Invocations    | 1 2 3 |  3.6
Short Blades   | 1 2 3 |  3.2
Long Blades    | 1 2 3 |  3.2
Axes           | 1 2 3 |  3.2
Maces & Flails | 1 2 3 |  3.2
Polearms       | 1 2 3 |  3.2
Staves         | 1 2 3 |  3.2
Ranged Weapons | 1 2 3 |  3.2
Throwing       | 1 2 3 |  3.2
Armour         | 1 2 3 |  3.2
Stealth        | 1 2 3 |  3.2
Shields        | 1 2 3 |  3.2
Spellcasting   | 1 2 3 |  3.2
Evocations     | 1 2 3 |  3.2
Conjurations   | 1 2 |  2.6
Hexes          | 1 2 |  2.6
Summonings     | 1 2 |  2.6
Necromancy     | 1 2 |  2.6
Translocations | 1 2 |  2.6
Transmutations | 1 2 |  2.6
Fire Magic     | 1 2 |  2.6
Ice Magic      | 1 2 |  2.6
Air Magic      | 1 2 |  2.6
Earth Magic    | 1 2 |  2.6
Poison Magic   | 1 2 |  2.6
Fighting       | 3 4 |  4.2
Dodging        | 5 |  5.7
Unarmed Combat | 7 |  7.4
Shapeshifting  | 7 |  7.2

Action                     |  1- 3 |  4- 6 |  7- 9 || total
---------------------------+-------+-------+-------++-------
  Melee: Unarmed           |    77 |    89 |   107 ||   273
         Bite              |     2 |     8 |    23 ||    33
         Punch             |     1 |     4 |     3 ||     8
         Dagger            |       |       |    34 ||    34
   Cast: Magic Dart        |    18 |       |     1 ||    19
         Call Imp          |       |       |    13 ||    13
         Blink             |       |       |     2 ||     2
    Use: Scroll            |       |     6 |    11 ||    17
         Potion            |       |       |     5 ||     5
   Stab: Sleeping          |     8 |     3 |     1 ||    12
 Armour: Animal skin       |    16 |    33 |    14 ||    63
         Ring mail         |       |       |    82 ||    82
  Dodge: Dodged            |    61 |    44 |    86 ||   191
         Form:             |       |       |     1 ||     1
         Flux              |       |       |     1 ||     1

Table legend: (Time is in decaauts)
 A = Elapsed time spent in this place.
 B = Non-inter-level travel time spent in this place.
 C = Inter-level travel time spent in this place.
 D = Time resting spent in this place.
 E = Time spent auto-exploring this place.
 F = Levels seen in this place.
 G = Mean time per level.
                   A        B        C        D        E       F      G
               +--------+--------+--------+--------+--------+-----+--------+
         Total |   6144 |   5614 |    530 |    832 |   3717 |   7 |  877.7 |
       Dungeon |   6144 |   5614 |    530 |    832 |   3717 |   7 |  877.7 |
               +--------+--------+--------+--------+--------+-----+--------+

Top non-repeatable levels by time:
     D:5: 1239 daAuts
     D:4: 1193 daAuts
     D:3: 1008 daAuts
     D:6: 967 daAuts
     D:2: 947 daAuts
     D:1: 559 daAuts
     D:7: 229 daAuts
